 Dungeon Crawl Stone Soup version 0.20.1-1-g8b1a95d (webtiles) character file.

89 sprush the Sneak (level 4, -6/42 HPs)
             Began as a Troll Assassin on Nov 12, 2017.
             Was an Initiate of the Shining One.
             Mangled by an ice beast (21 damage)
             ... on level 3 of the Dungeon.
             The game lasted 00:13:25 (1791 turns).

sprush the Sneak (Troll Assassin)                   Turns: 1791, Time: 00:13:26

Health: -6/42      AC:  6    Str: 19    XL:     4   Next: 31%
Magic:  3/3        EV:  9    Int:  7    God:    the Shining One [......]
Gold:   71         SH:  0    Dex: 12    Spells: 3/3 levels left

rFire    + . .     SeeInvis .     - Unarmed
rCold    x . .     Gourm    +   (no shield)
rNeg     . . .     Faith    .   c - +0 robe
rPois    .         Spirit   .   (helmet restricted)
rElec    .         Reflect  .   d - +0 cloak
rCorr    .         Harm     .   (gloves unavailable)
MR       .....                  (boots unavailable)
Stlth    +.........             o - amulet of magic regeneration
Regen    0.6/turn               u - ring of fire
MPRegen  0.2/turn               (no ring)

@: glowing
A: unfitting armour, claws 3, fast metabolism 3, gourmand, regeneration 1,
shaggy fur 1, tough skin 2
a: Renounce Religion


You were on level 3 of the Dungeon.
You worshipped the Shining One.
The Shining One was noncommittal.
You were completely stuffed.

You visited 1 branch of the dungeon, and saw 3 of its levels.

You collected 71 gold pieces.

Inventory:

Hand Weapons
 a - a +2 dagger
 b - a +0 blowgun
Missiles
 e - 21 poisoned needles
 f - 2 curare-tipped needles
 h - 40 arrows
 l - 26 bolts
 n - 38 stones (quivered)
 r - 8 needles of confusion
 w - 5 tomahawks
 y - 12 sling bullets
Armour
 c - a +0 robe (worn)
 d - a +0 cloak (worn)
 j - a cursed -1 plate armour
Jewellery
 o - an amulet of magic regeneration (around neck)
 u - a ring of fire (left claw)
Scrolls
 m - a scroll of blinking {unknown}
 p - a scroll of fog {unknown}
 q - a scroll of remove curse {unknown}
 s - 3 scrolls of identify {unknown}
Potions
 i - a potion of degeneration {unknown}
 t - a potion of heal wounds {unknown}
 v - a potion of mutation {unknown}
 z - a potion of curing {unknown}
Comestibles
 g - 5 bread rations
 k - 4 royal jellies
 x - 2 chunks of flesh


   Skills:
 + Level 1.8 Fighting
 + Level 1.6 Short Blades
 + Level 2.6 Throwing
 + Level 1.0 Dodging
 + Level 2.6 Stealth
 + Level 1.9 Unarmed Combat


You had 3 spell levels left.
You didn't know any spells.

Dungeon Overview and Level Annotations

Branches:
Dungeon (3/15)

Altars:
The Shining One


Innate Abilities, Weirdness & Mutations

You are too large for most types of armour.
You have claws for hands.
Your metabolism is lightning-fast.
You like to eat raw meat.
Your natural rate of healing is unusually fast.
You are covered in fur. (AC +1)
You have very tough skin. (AC +2)


Message History

You scratch the ice beast but do no damage.
The ice beast is moderately wounded.
The ice beast barely misses you.
You barely miss the ice beast.
The ice beast is moderately wounded.
The ice beast hits you but does no damage.
You claw the ice beast!
The ice beast is severely wounded.
The ice beast closely misses you.
You scratch the ice beast.
The ice beast is almost dead.
The ice beast hits you. The ice beast freezes you!
You feel a terrible chill!
You scratch the ice beast.
The ice beast is almost dead.
The ice beast completely misses you.
You closely miss the ice beast.
The ice beast is almost dead.
The ice beast hits you. The ice beast freezes you!!
You feel a terrible chill!
Ouch! That really hurt!
You die...

.#.#.# #.#
.#.#.#
#####.#
##.#.#
#.....#
...#.#
#.#####
####.#
#.#### #.#
#....# #.#
# ####.#
#.#
#..####.#
####.#
#..(Y@..#
.....#
.....######
###### ###
#########


You could see an ice beast.

Vanquished Creatures
  2 adders
  A worm (D:2)
  2 dart slugs
  2 leopard geckos
  2 orcs (D:3)
  2 bats
  4 giant cockroaches
  5 goblins (D:1)
  8 hobgoblins
  9 jackals
  3 kobolds
  5 frilled lizards
  9 rats
54 creatures vanquished.

Notes
Turn   | Place    | Note
-------+----------+-------------------------------------------
     0 | D:1      | sprush the Troll Assassin began the quest for the Orb.
     0 | D:1      | Reached XP level 1. HP: 19/19 MP: 0/0
   106 | D:1      | Found a glowing golden altar of the Shining One.
   171 | D:1      | Became a worshipper of the Shining One
   212 | D:1      | Reached XP level 2. HP: 28/28 MP: 1/1
   636 | D:1      | Reached XP level 3. HP: 35/35 MP: 2/2
  1474 | D:2      | Reached skill level 1 in Unarmed Combat
  1555 | D:3      | Reached XP level 4. HP: 42/42 MP: 3/3
  1757 | D:3      | Reached skill level 1 in Dodging
  1780 | D:3      | Noticed an ice beast
  1791 | D:3      | Mangled by an ice beast

Skill      XL: |  1  2  3  4 |
---------------+-------------+-----
Throwing       | 2 |  2.6
Unarmed Combat | 1 |  1.9
Dodging        | 1 |  1.0
Fighting       | |  1.8
Short Blades   | |  1.6
Stealth        | |  2.6

Action                   |  1- 3 |  4- 6 || total
-------------------------+-------+-------++-------
Melee: Unarmed           |    98 |    38 ||   136
       Punch             |     1 |       ||     1
 Fire: Blowgun           |     6 |       ||     6
Throw: Stone             |    33 |     7 ||    40
  Eat: Chunk             |    16 |     6 ||    22
Armor: Robe              |    43 |    10 ||    53
Dodge: Dodged            |    45 |    19 ||    64
